 Dungeon Crawl Stone Soup version 0.29.1-15-g9cfb28693d (webtiles) character file.

Game seed: 11753467825363244573

3492 LLlMATKO the Cleaver (level 9, -14/82 HPs)
             Began as a Minotaur Berserker on Apr 19, 2023.
             Was an Elder of Trog.
             Killed by the air
             ... invoked by Gastronok
              (39 damage)
             ... on level 8 of the Dungeon.
             The game lasted 00:06:56 (7841 turns).

LLlMATKO the Cleaver (Minotaur Berserker)           Turns: 7841, Time: 00:06:56

Health: -14/82     AC: 10    Str: 27    XL:     9   Next: 80%
Magic:  8/8        EV: 15    Int:  4    God:    Trog [****..]
Gold:   377        SH:  0    Dex: 16    Spells: 8/8 levels left

rFire   + . .      SeeInvis .   a - +0 hand axe
rCold   . . .      Faith    .   (no shield)
rNeg    . . .      Spirit   .   w - +2 ring mail {rPois}
rPois   +          Reflect  .   (helmet restricted)
rElec   .          Harm     .   v - +0 cloak
rCorr   .          Rampage  .   (no gloves)
Will    .....                   (no boots)
Stlth   ++........              L - amulet of regeneration
HPRegen 1.03/turn               D - ring "Ruotwuxu" {rF+ Str+3 Dex+4 Stlth+}
MPRegen 0.11/turn               (no ring)

@: on berserk cooldown, slowed, studying Stealth, very slow
A: horns 2, retaliatory headbutt
a: Renounce Religion, Berserk, Trog's Hand, Brothers in Arms


You were on level 8 of the Dungeon.
You worshipped Trog.
Trog was greatly pleased with you.
You visited 1 branch of the dungeon, and saw 8 of its levels.
You also visited: Sewer.

You collected 377 gold pieces.

Inventory:

Hand Weapons
 a - a +0 hand axe (weapon)
 n - a +0 sling
Missiles
 k - 4 datura-tipped darts (quivered)
 B - 13 poisoned darts
Armour
 d - a +0 chain mail
 v - a +0 cloak (worn)
 w - a +2 ring mail of poison resistance (worn)
Jewellery
 j - a ring of fire
 D - the ring "Ruotwuxu" (left hand) {rF+ Str+3 Dex+4 Stlth+}
   (You found it on level 5 of the Dungeon)

   [ring of protection from fire]

   Str:       It affects your strength (+3).
   Dex:       It affects your dexterity (+4).
   rF:        It protects you from fire.
   Stlth:     It makes you more stealthy.
 L - an amulet of regeneration (around neck)
Wands
 t - a wand of digging (6)
 u - a wand of light (4)
 F - a wand of roots (12)
Scrolls
 c - a scroll of vulnerability {unknown}
 f - 8 scrolls of blinking {unknown}
 h - 2 scrolls of magic mapping {unknown}
 i - 3 scrolls of identify {unknown}
 l - 2 scrolls of immolation {unknown}
 m - a scroll of enchant armour {unknown}
 o - 4 scrolls of teleportation {unknown}
 p - a scroll of noise {unknown}
 r - a scroll of poison {unknown}
 x - a scroll of fear {unknown}
 y - a scroll of silence {unknown}
 J - a scroll of amnesia {unknown}
Potions
 b - 5 potions of attraction {unknown}
 e - 2 potions of berserk rage {unknown}
 g - a potion of haste {unknown}
 q - 2 potions of heal wounds {unknown}
 s - 2 potions of degeneration {unknown}
 z - 7 potions of curing
 A - 2 potions of cancellation {unknown}
 E - a potion of lignification {unknown}
 G - a potion of ambrosia {unknown}
 H - a potion of brilliance {unknown}
 I - 4 potions of flight
 K - a potion of mutation {unknown}


   Skills:
 + Level 8.4 Fighting
 + Level 8.4 Axes
 + Level 6.5 Ranged Weapons
 + Level 7.9 Armour
 + Level 7.2 Dodging


You had 8 spell levels left.
You didn't know any spells.
Your spell library was empty.

Dungeon Overview and Level Annotations

Branches:
Dungeon (8/15)             Temple (0/1) D:6           Sewer (visited)
   Lair: D:8-11

Altars:
Fedhas
Kikubaaqudgha
Xom

Shops:
D:1 *

Annotations:
D:8 Gastronok


Innate Abilities, Weirdness & Mutations

You have a pair of horns on your head.
You reflexively headbutt those who attack you in melee.


Message History

Gastronok closely misses you.
Unknown command.
You hit Gastronok. You headbutt Gastronok!
Gastronok is severely wounded.
You barely miss the orc. You closely miss the orc wizard.
The orc wizard casts a spell at you. The magic dart hits you.
* * * LOW HITPOINT WARNING * * *
Unknown command.
You hit Gastronok. You headbutt Gastronok!!
Gastronok is almost dead.
You hit the orc. You hit the orc wizard.
Unknown command.
You hit Gastronok.
Gastronok is almost dead.
You closely miss the orc. You slash the orc wizard!
You kill the orc wizard!
Trog accepts your kill.
Trog appreciates your killing of a magic user.
The orc closely misses you. You furiously retaliate!
You headbutt the orc!
You kill the orc!
Trog accepts your kill.
You slash Gastronok!
Gastronok is almost dead.
You slash the orc!
You kill the orc!
Trog accepts your kill.
You are no longer berserk.
You are exhausted.
You feel yourself slow down. Gastronok barely misses you.
You furiously retaliate!
You headbutt Gastronok, but do no damage.
You hit Gastronok but do no damage.
Gastronok is almost dead.
Unknown command.
You slash Gastronok!
Gastronok is almost dead.
Gastronok waves his eye-stalks in wide circles.
The air twists around and strikes you!!!
You die...

.# ..## .#
#..######## ..
#.........#
#.##.........#
............# .
#w).......# ...
....#)@.))....#
....
#....))))....###...
##....)....$.#.[...
#....####.#.....#
#..#. #.#.....#
...... #.#.....#
....#.# #..†....#
....#. ##.##...####
#.####....#


You could see Gastronok.

Vanquished Creatures
  Grinder (D:3)
  2 steam dragons
  A water moccasin (D:7)
  3 black bears
  A sky beast (D:8)
  4 ogres
  A centaur (D:7)
  A phantom (D:5)
  Blork the orc (D:4)
  2 kobold brigands
  2 bullfrogs
  2 necrophages
  A scorpion (D:6)
  2 gnoll sergeants
  5 wights (D:6)
  A howler monkey (D:6)
  A jelly (D:6)
  5 hounds
  4 orc priests
  Crazy Yiuf (D:3)
  4 gnoll boudas
  Jessica (D:3)
  Ijyb (D:3)
  4 iguanas
  4 orc wizards
  21 gnolls
  11 adders
  3 river rats (Sewer)
  2 shadow imps
  A white imp (D:7)
  A worm (D:2)
  A dart slug (D:4)
  15 orcs
  4 ball pythons
  8 endoplasms
  3 giant cockroaches
  15 goblins
  9 hobgoblins
  8 jackals
  18 kobolds
  4 quokkas
  11 bats
  3 frilled lizards
  3 rats
  A butterfly (D:6)
197 creatures vanquished.

Vanquished Creatures (others)
  A plant (D:2)
1 creature vanquished.

Grand Total: 198 creatures vanquished

Notes
Turn   | Place    | Note
-------+----------+-------------------------------------------
     0 | D:1      | LLlMATKO the Minotaur Berserker began the quest for the
                  | Orb.
     0 | D:1      | Reached XP level 1. HP: 19/19 MP: 0/0
   191 | D:1      | Found Zinit's General Store.
   199 | D:1      | Reached XP level 2. HP: 25/27 MP: 1/1
   933 | D:2      | Reached XP level 3. HP: 33/33 MP: 2/2
  1025 | D:2      | Reached ** piety under Trog
  1452 | D:2      | Found a faded altar of an unknown god.
  1487 | D:3      | Reached XP level 4. HP: 40/41 MP: 3/3
  1520 | D:3      | Reached skill level 1 in Ranged Weapons
  1664 | D:3      | Noticed Grinder
  1679 | D:3      | Paralysed by Grinder for 5 turns
  1688 | D:3      | Paralysed by Grinder for 5 turns
  1969 | D:3      | Killed Grinder
  1970 | D:3      | Reached skill level 5 in Fighting
  1970 | D:3      | Reached skill level 5 in Axes
  1970 | D:3      | Reached XP level 5. HP: 44/48 MP: 4/4
  1970 | D:3      | Reached XP level 6. HP: 51/56 MP: 5/5
  2124 | D:3      | Found a runed translucent door.
  2125 | D:3      | Noticed Crazy Yiuf
  2159 | D:3      | Noticed Jessica
  2168 | D:3      | Killed Jessica
  2415 | D:3      | Found a blossoming altar of Fedhas.
  2532 | D:3      | Noticed Ijyb
  2541 | D:3      | Killed Ijyb
  2665 | D:3      | Killed Crazy Yiuf
  2965 | D:4      | Noticed a steam dragon
  2968 | D:4      | Killed a steam dragon
  2969 | D:4      | Reached XP level 7. HP: 37/61 MP: 6/6
  3227 | D:4      | Noticed Blork the orc
  3241 | D:4      | Killed Blork the orc
  3243 | D:4      | Reached skill level 5 in Armour
  3243 | D:4      | Reached *** piety under Trog
  4137 | D:5      | Entered Level 5 of the Dungeon
  4206 | D:5      | Reached skill level 5 in Dodging
  4210 | D:5      | Reached XP level 8. HP: 70/70 MP: 7/7
  4280 | D:5      | Found an ancient bone altar of Kikubaaqudgha.
  4456 | D:5      | Identified the ring "Ruotwuxu" {rF+ Str+3 Dex+4 Stlth+}
  5467 | D:6      | Found a glowing drain.
  5476 | Sewer    | Entered a sewer
  5639 | Sewer    | Reached skill level 5 in Ranged Weapons
  5647 | Sewer    | Reached **** piety under Trog
  5725 | Sewer    | Found a white marble altar of Elyvilon.
  6070 | D:6      | Reached XP level 9. HP: 79/79 MP: 8/8
  6620 | D:6      | Found a staircase to the Ecumenical Temple.
  7370 | D:7      | Found a shimmering altar of Xom.
  7813 | D:8      | Noticed Gastronok
  7841 | D:8      | Killed from afar by Gastronok

Illustrated notes

Levels and vault maps discovered:
D:1:      eino_arrival_water_star, layout_basic, serial_shops, shop,
          kennysheep_minor_cross, patterned_corridor
D:2:      cheibrodos_old_hovel, layout_loops_cross, basic_ecumenical_altar
D:3:      kennysheep_the_goblin_king, layout_basic,
          lemuel_coloured_pillars_altar, uniq_jessica, uniq_crazy_yiuf_cottage,
          uniq_grinder
D:4:      layout_basic, minmay_manual_macuahuitl, uniq_blork_the_orc
D:5:      layout_loops_corners, nicolae_kikubaaqudgha_miasma_corner
D:6:      layout_basic, minmay_temple_entry_butterflies, portal_sewer_entry_d
D:7:      layout_gridville, mainiacjoe_overflow_concentric_impassable,
          dk_vineyard_3
D:8:      minmay_bloctagon_deflated, layout_rooms, uniq_gastronok,
          uniq_prince_ribbit1

Skill      XL: |  1  2  3  4  5  6  7  8  9 |
---------------+----------------------------+-----
Fighting       | 4 5 6 7 8 |  8.4
Axes           | 4 5 6 7 8 |  8.4
Armour         | 3 4 5 6 7 |  7.9
Dodging        | 3 4 5 6 7 |  7.2
Ranged Weapons | 2 3 4 5 6 |  6.5

Action                   |  1- 3 |  4- 6 |  7- 9 || total
-------------------------+-------+-------+-------++-------
Melee: Hand axe          |    90 |    76 |   363 ||   529
       Headbutt          |    10 |     9 |    74 ||    93
       Punch             |     1 |     1 |     7 ||     9
Throw: Dart              |       |       |     1 ||     1
Invok: Berserk           |       |     6 |     8 ||    14
 Stab: Sleeping          |       |       |     2 ||     2
Armor: Chain mail        |    63 |    27 |       ||    90
       Animal skin       |     2 |       |       ||     2
       Ring mail         |       |    10 |   114 ||   124
Dodge: Dodged            |    56 |    35 |   227 ||   318
